 Dungeon Crawl Stone Soup version 0.31.0-12-g77e489cdc1 (webtiles) character file.

Game seed: 4596025134736142396

991 sking99 the Apothecary (level 7, -5/52 HPs)
             Began as a Demonspawn Alchemist on Feb 24, 2024.
             Slain by an orc warrior
             ... wielding a +0 hand axe
              (7 damage)
             ... on level 5 of the Dungeon.
             The game lasted 00:12:41 (6505 turns).

sking99 the Apothecary (Demonspawn Alchemist)       Turns: 6505, Time: 00:12:42

Health: -5/52      AC:  7    Str: 11    XL:     7   Next: 98%
Magic:  0/12       EV: 12    Int: 15    God:
Gold:   243        SH:  0    Dex: 13    Spells: 3/13 levels left

rFire   . . .        p - +3 whip
rCold   . . .        (no shield)
rNeg    . . .        a - +0 robe
rPois   .            (no helmet)
rElec   .            (no cloak)
rCorr   .            m - +0 pair of gloves
SInv    .            e - +1 pair of boots
Will    .....        (no amulet)
Stlth   ++           (no ring)
HPRegen 0.28/turn    (no ring)
MPRegen 0.13/turn

%: no passive effects
@: no status effects
A: thin metallic scales 1, powered by death 1, weakness stinger 2
a: no special abilities


You were on level 5 of the Dungeon.
You visited 1 branch of the dungeon, and saw 5 of its levels.

You collected 243 gold pieces.

Inventory:

Hand Weapons
 p - a +3 whip (weapon)
Armour
 a - a +0 robe (worn)
 e - a +1 pair of boots (worn)
 m - a +0 pair of gloves (worn)
Jewellery
 k - a ring of willpower
 l - an amulet of reflection
Wands
 d - a wand of paralysis (11)
Scrolls
 g - 3 scrolls of amnesia
 n - 3 scrolls of identify
 q - a scroll of teleportation {unknown}
Potions
 b - a potion of magic
 c - a potion of lignification {unknown}
 f - 2 potions of heal wounds {unknown}
 h - a potion of resistance {unknown}
 i - a potion of haste {unknown}
 j - 4 potions of curing
 o - a potion of might {unknown}
 r - a potion of mutation {unknown}


   Skills:
 + Level 3.4 Fighting
 - Level 1.7 Dodging
 - Level 1.7 Stealth
 + Level 3.9 Spellcasting
 + Level 3.7 Conjurations
 + Level 2.9 Air Magic
 * Level 6.1 Alchemy


You had 3 spell levels left.
You knew the following spells:

 Your Spells              Type           Power      Damage    Failure   Level
a - Sting                 Conj/Alch      68%        1d7       2%          1
b - Mercury Vapours       Alch/Air       32%        N/A       4%          2
c - Mephitic Cloud        Conj/Alch/Air  15%        N/A       10%         3
d - Sticky Flame          Fire/Alch      12%        2d5       45%         4

Your spell library contained the following spells:

 Spells                   Type           Power      Damage    Failure   Level
 Olgreb's Toxic Radiance  Alch           21%        N/A       14%         4


Dungeon Overview and Level Annotations

Branches:
Dungeon (5/15)
 Temple: D:4-7

Altars:
Cheibriados


Innate Abilities, Weirdness & Mutations

You are partially covered in thin metallic scales. (AC +2)
You regenerate a little health from kills.
You have a tail ending in a sharp stinger.


Message History

Confirm with . or Enter, or press ? or * to list all spells.
Aiming: Sting (safe; 2% risk of failure)
Press: ? - help, Shift-Dir - straight line, f/p - orc warrior
Aim: an orc warrior, wielding a +0 hand axe and wearing a +0 plate armour (severely wounded, very poisoned, 74% to hit)
The sting hits the orc warrior.
The orc warrior looks even sicker.
The orc warrior is severely wounded.
The orc warrior barely misses you.
You closely miss the orc warrior.
The orc warrior is severely wounded.
The orc warrior barely misses you.
You closely miss the orc warrior.
Your tail-slap misses the orc warrior.
The orc warrior is severely wounded.
The orc warrior barely misses you.
You hit the orc warrior but do no damage.
The orc warrior is severely wounded.
The orc warrior hits you but does no damage.
You barely miss the orc warrior.
The orc warrior is severely wounded.
The orc warrior hits you with a +0 hand axe.
You barely miss the orc warrior.
The orc warrior is severely wounded.
The orc warrior hits you with a +0 hand axe.
* * * LOW HITPOINT WARNING * * *
You barely miss the orc warrior.
The orc warrior is severely wounded.
The orc warrior hits you with a +0 hand axe.
* * * LOW HITPOINT WARNING * * *
Casting: Sting (safe; 2% risk of failure)
Confirm with . or Enter, or press ? or * to list all spells.
Aiming: Sting (safe; 2% risk of failure)
Press: ? - help, Shift-Dir - straight line, f/p - orc warrior
Aim: an orc warrior, wielding a +0 hand axe and wearing a +0 plate armour (severely wounded, very poisoned, 74% to hit)
The sting hits the orc warrior but does no damage.
The orc warrior looks even sicker.
The orc warrior is severely wounded.
The orc warrior hits you with a +0 hand axe.
* * * LOW HITPOINT WARNING * * *
The orc warrior attacks as it pursues you!
The orc warrior hits you with a +0 hand axe!
You die...

#...###.####..# #..# #
#...###.####..###..# #
#..................###
##..#.#...............
#..#.#.#####.##..####
#..#.#.# #.##.## #
#..#.#.#####.##.#
#............##.#
#.##@#....#####.#
#.##o####.# #.# #.##)#
# #.# #)# #.# #.# #.#
#.# #.. ###


You could see an orc warrior (very poisoned).

Vanquished Creatures
  A black bear (D:5)
  An ogre (D:5)
  2 phantoms (D:4)
  2 scorpions (D:5)
  A hound (D:4)
  2 jellies
  3 orc priests
  Jessica (D:2)
  2 iguanas
  Robin (D:2)
  11 gnolls
  5 adders
  2 ufetubi (D:4)
  A dart slug (D:4)
  3 ribbon worms
  8 orcs
  2 bats
  9 endoplasms
  3 giant cockroaches
  11 goblins
  12 hobgoblins
  6 jackals
  3 quokkas
  7 ball pythons
  4 frilled lizards
  13 kobolds
  5 rats
121 creatures vanquished.

Notes
Turn   | Place    | Note
-------+----------+-------------------------------------------
     0 | D:1      | sking99 the Demonspawn Alchemist began the quest for the
                  | Orb.
     0 | D:1      | Reached XP level 1. HP: 13/13 MP: 3/3
   194 | D:1      | Gained mutation: You have a small tail. [demonic ancestry]
   194 | D:1      | Reached XP level 2. HP: 20/20 MP: 1/5
   660 | D:1      | Learned a level 2 spell: Mercury Vapours
  1214 | D:1      | Reached skill level 1 in Fighting
  1214 | D:1      | Reached XP level 3. HP: 26/26 MP: 3/6
  1759 | D:2      | Found a snail-covered altar of Cheibriados.
  2021 | D:2      | Gained mutation: You regenerate a little health from kills.
                  | [demonic ancestry]
  2021 | D:2      | Reached XP level 4. HP: 21/32 MP: 0/7
  2675 | D:2      | Noticed Jessica
  2680 | D:2      | Killed Jessica
  2681 | D:2      | Reached skill level 1 in Air Magic
  2681 | D:2      | Reached skill level 4 in Alchemy
  2838 | D:2      | Learned a level 3 spell: Mephitic Cloud
  2995 | D:3      | Noticed Robin
  3004 | D:2      | Killed Robin
  3092 | D:2      | Gained mutation: You are partially covered in thin metallic
                  | scales. (AC +2) [demonic ancestry]
  3092 | D:2      | Reached XP level 5. HP: 34/38 MP: 1/8
  4617 | D:4      | Gained mutation: You have a tail ending in a sharp stinger.
                  | [demonic ancestry]
  4617 | D:4      | Reached XP level 6. HP: 41/44 MP: 5/10
  4914 | D:4      | Reached skill level 5 in Alchemy
  5117 | D:4      | Reached XP level 7. HP: 50/51 MP: 5/12
  5125 | D:4      | Learned a level 4 spell: Sticky Flame
  5828 | D:5      | Entered Level 5 of the Dungeon
  6239 | D:5      | Reached skill level 6 in Alchemy
  6504 | D:5      | HP: 2/52 [orc warrior/+0 hand axe (5)]
  6505 | D:5      | Slain by an orc warrior

Illustrated notes

Levels and vault maps discovered:
D:1:      onia_arrival_handbag, layout_basic
D:2:      layout_loops_ring, basic_altar, uniq_jessica
D:3:      layout_loops_ring, nicolae_kite_square_tiling_tiny, uniq_robin
D:4:      layout_cave_pods, nicolae_zig_zag_zippers
D:5:      layout_loops_ring, nicolae_tso_swordbearing_angel,
          kennysheep_generic_room_11

Skill      XL: |  1  2  3  4  5  6  7 |
---------------+----------------------+-----
Fighting       | 1 2 3 |  3.4
Conjurations   | 2 3 |  3.7
Air Magic      | 1 2 |  2.9
Alchemy        | 4 5 6 |  6.1
Spellcasting   | 3 |  3.9
Dodging        | |  1.7
Stealth        | |  1.7

Action                     |  1- 3 |  4- 6 |  7- 9 || total
---------------------------+-------+-------+-------++-------
  Melee: Unarmed           |    21 |       |       ||    21
         Whip              |     5 |    48 |    18 ||    71
         Tailslap          |     1 |     4 |     1 ||     6
         Punch             |       |       |     1 ||     1
   Cast: Sting             |    62 |   136 |    65 ||   263
         Mercury Vapours   |     2 |    12 |     8 ||    22
    Use: Scroll            |       |     7 |     1 ||     8
 Armour: Robe              |    26 |    63 |    41 ||   130
  Dodge: Dodged            |    38 |    53 |    36 ||   127
